Map: Eternal Empire LE

Players

rawwbone

  • Race: Zerg Zerg
  • League: Gold
  • Spawn Location: 1:00

A.I. 1 (Very Easy) - Winner!

  • Race: Terran Terran
  • Spawn Location: 7:00

VOD

Have the link to the VOD?

Description

Time

  • Played on: April 3, 2020, 8:58 a.m.
  • Length: 8:45
Show
View Real Time Build Order
Export as new Build Order

rawwbone Zerg 

Build Orders: Hatch First 

Get SALT Encoding   

  12  0:00  Drone  
  13  0:12  Overlord  
  13  0:16  Drone  
  14  0:30  Drone x2  
  16  0:50  Hatchery  
  16  0:53  Drone  
  16  0:58  Drone  
  16  1:00  Drone  
  18  1:17  Spawning Pool  
  17  1:18  Extractor  
  17  1:21  Drone  
  17  1:24  Drone  
  18  1:28  Drone  
  19  1:39  Overlord  
  19  1:50  Drone  
  20  2:03  Queen  
  20  2:04  Queen  
  20  2:06  Zergling x4  
  26  2:11  Drone  
  26  2:13  Drone  
  28  2:22  Drone  
  29  2:24  Drone  
  30  2:32  Drone  
  30  2:34  Overlord  
  31  2:42  Queen  
  33  2:46  Lair  
  33  2:48  Drone  
  34  2:54  Drone  
  34  2:56  Overlord  
  35  2:59  Drone  
  36  3:16  Drone  
  37  3:24  Drone x3  
  40  3:27  Hatchery  
  40  3:30  Drone x3  
  42  3:39  Roach Warren  
  41  3:49  Drone x2  
  41  3:51  Evolution Chamber  
  44  3:55  Drone x4  
  46  4:05  Extractor  
  46  4:06  Extractor  
  46  4:08  Overlord x2  
  44  4:10  Drone x4  
  48  4:17  Drone  
  48  4:23  Zerg Missile Weapons Level 1  
  48  4:24  Glial Reconstitution  
  49  4:27  Drone x3  
  49  4:28  Drone  
  49  4:29  Drone  
  49  4:30  Drone  
  55  4:35  Drone x3  
  58  4:40  Queen  
  58  4:41  Drone  
  58  4:43  Drone  
  62  4:46  Overlord  
  62  4:49  Overlord  
  62  5:03  Roach  
  62  5:04  Roach x6  
  62  5:06  Roach  
  78  5:13  Drone x2  
  80  5:27  Drone x5  
  85  5:30  Extractor  
  85  5:31  Extractor  
  83  5:37  Drone x3  
  86  5:44  Hatchery  
  86  5:48  Drone x3  
  88  5:57  Overlord  
  88  5:58  Overlord x3  
  88  6:00  Overlord  
  88  6:01  Overlord  
  88  6:02  Overlord x2  
  88  6:12  Hydralisk Den  
  88  6:13  Drone x2  
  88  6:14  Evolution Chamber  
  88  6:24  Drone x11  
  99  6:38  Extractor  
  98  6:42  Muscular Augments  
  98  6:48  Zerg Ground Armor Level 1  
  98  6:56  Drone x15  
  113  7:11  Hatchery  
  112  7:17  Queen  
  114  7:26  Roach x16  
  146  7:30  Overlord  
  146  7:42  Extractor x2  
  146  7:43  Overlord x4  
  144  7:45  Overlord x2  
  144  7:52  Hydralisk x8  
  162  8:05  Roach  
  162  8:06  Roach x3  
  162  8:09  Hydralisk x6  
Show
View Real Time Build Order
Export as new Build Order

A.I. 1 (Very Easy) Terran - Winner!

Build Orders:  

Get SALT Encoding   

  12  0:00  SCV  
  13  0:13  SCV  
  14  0:18  Supply Depot  
  14  0:36  Refinery  
  14  0:42  Barracks  
  14  1:04  Supply Depot  
  14  1:13  Refinery  
  14  1:30  Marine  
  14  1:31  Orbital Command  
  15  1:56  SCV  
  16  2:08  SCV  
  16  2:13  Marine  
  18  2:20  SCV  
  19  2:32  Barracks Tech Lab  
  19  2:33  SCV  
  20  2:45  SCV  
  21  2:56  Marauder  
  21  2:57  SCV  
  24  6:30  SCV  
  24  6:31  Supply Depot, Marine  
  26  6:34  Factory  
  26  6:37  Command Center  
  26  6:42  SCV  
  27  6:54  SCV  
  27  6:56  Supply Depot  
  28  7:06  SCV, Marine  
  29  7:18  SCV  
  29  7:19  Starport  
  27  7:41  Marine  
  28  7:50  SCV  
  29  7:57  SCV  
  30  7:59  Starport Tech Lab, Refinery  
  30  8:02  Refinery  
  30  8:04  SCV  
  31  8:11  SCV  
  32  8:16  Marine  
  32  8:18  SCV  
  36  8:26  SCV  
  37  8:33  SCV  
Tags
 
League
Gold
Matchup
TvZ
Spawn Locations
Cross Positions
Add a new tag
Caveats
  • Supply blocks, unpowered buildings, or Contaminate may cause inaccurate times.
  • Supply counts are checked every 10 seconds.